Map: 紫晶浪漫-天梯版

Players

llllllllllll

  • Race: Terran Terran
  • League: Grandmaster

lllllllll - Winner!

  • Race: Protoss Protoss
  • League: Diamond

VOD

Have the link to the VOD?

Description

Time

  • Played on: May 7, 2021, 12:19 a.m.
  • Length: 18:52
Show
View Real Time Build Order
Export as new Build Order

llllllllllll Terran 

Build Orders: Reaper Expand 

Get SALT Encoding   

  12  0:00  SCV  
  13  0:12  SCV  
  14  0:17  Supply Depot  
  14  0:24  SCV  
  15  0:38  SCV  
  15  0:40  Barracks  
  16  0:42  Refinery  
  16  0:50  SCV  
  17  1:03  SCV  
  18  1:15  SCV  
  19  1:27  Orbital Command, Reaper  
  20  1:40  Command Center  
  20  1:49  Supply Depot  
  20  1:52  SCV  
  21  1:59  Marine  
  22  2:05  SCV  
  23  2:09  Factory  
  23  2:14  Refinery  
  23  2:17  SCV  
  23  2:19  Marine  
  25  2:25  Bunker  
  25  2:29  SCV  
  26  2:41  SCV, Barracks Reactor  
  27  2:53  SCV  
  27  2:55  Orbital Command  
  28  3:01  Starport  
  28  3:05  SCV  
  29  3:07  Hellion  
  30  3:17  SCV  
  31  3:21  SCV  
  31  3:22  Marine x2  
  31  3:26  Supply Depot  
  34  3:29  SCV, Widow Mine  
  34  3:33  SCV  
  38  3:38  Supply Depot, Medivac  
  38  3:39  Marine  
  38  3:40  Marine  
  42  3:41  SCV  
  42  3:45  SCV  
  44  3:50  Factory Tech Lab  
  44  3:53  SCV  
  44  3:55  Supply Depot  
  45  3:57  Marine, SCV  
  45  3:58  Marine  
  45  4:00  Supply Depot  
  48  4:06  SCV  
  48  4:09  SCV  
  50  4:10  Cyclone  
  50  4:17  Viking  
  55  4:18  Marine x2, SCV  
  55  4:23  SCV  
  59  4:25  Supply Depot  
  59  4:30  Supply Depot  
  59  4:35  SCV x2  
  61  4:44  Siege Tank, Command Center  
  64  4:47  SCV  
  64  4:51  Refinery  
  64  4:52  Supply Depot  
  65  4:59  Marine x2  
  67  5:00  Supply Depot, Starport Tech Lab  
  67  5:06  Barracks, SCV  
  68  5:09  SCV  
  69  5:15  Barracks  
  69  5:17  Engineering Bay  
  69  5:18  SCV  
  70  5:22  Marine x2, Supply Depot  
  70  5:27  Factory Reactor, Raven  
  74  5:30  SCV  
  74  5:33  Supply Depot  
  75  5:37  SCV  
  75  5:42  Marine, SCV  
  77  5:43  Marine  
  77  5:44  Supply Depot  
  77  5:45  Terran Infantry Weapons Level 1  
  78  5:50  SCV  
  78  5:54  Refinery, SCV  
  79  5:58  Supply Depot  
  79  6:02  SCV, Stimpack  
  79  6:03  Marauder  
  84  6:04  Widow Mine  
  84  6:10  Engineering Bay  
  84  6:11  Marine x2  
  86  6:20  Combat Shield  
  86  6:21  Marauder  
  86  6:22  Orbital Command  
  86  6:23  Starport Reactor  
  86  6:24  SCV x2  
  90  6:34  Marine x2  
  90  6:35  Marauder  
  90  6:36  SCV  
  90  6:37  SCV  
  96  6:40  Supply Depot  
  96  6:42  Terran Infantry Armor Level 1  
  96  6:45  Marauder  
  98  6:47  Barracks  
  98  6:49  SCV  
  98  6:50  Widow Mine x2  
  98  6:53  Marine x2  
  105  6:57  Marauder  
  105  6:59  Medivac x2  
  111  7:03  Barracks  
  111  7:05  SCV x2  
  111  7:06  SCV  
  111  7:07  Marauder  
  116  7:12  Marine, Widow Mine x2  
  121  7:17  SCV  
  121  7:18  SCV x2  
  121  7:19  Refinery x2  
  121  7:20  Marine  
  121  7:21  Marauder  
  127  7:28  Marauder  
  127  7:29  SCV, Medivac x2  
  134  7:31  SCV x2  
  134  7:36  Supply Depot  
  136  7:37  Bunker  
  136  7:42  Marauder  
  138  7:52  Marine x2  
  138  7:53  Barracks Tech Lab x2  
  138  7:54  Widow Mine x2  
  138  7:57  Marauder  
  146  8:02  Starport, Armory  
  146  8:03  Factory  
  144  8:09  Marauder  
  144  8:10  Marine  
  145  8:13  Marauder x2  
  145  8:14  SCV x2  
  145  8:17  Viking x2  
  145  8:19  Marauder  
  157  8:20  Command Center  
  139  8:41  SCV x2  
  139  8:44  Marine x2, Marauder x4  
  139  8:47  Factory Tech Lab  
  139  8:48  Factory Tech Lab  
  151  8:51  Terran Infantry Weapons Level 2  
  151  8:52  Terran Infantry Armor Level 2  
  151  8:56  SCV x2  
  153  9:06  Refinery  
  153  9:07  Refinery  
  153  9:08  Marine x2, Marauder x4  
  163  9:10  Siege Tank  
  163  9:17  SCV x2  
  168  9:19  Siege Tank  
  168  9:22  SCV  
  172  9:31  Viking, Supply Depot  
  172  9:32  Marine, Marauder x3  
  172  9:33  Supply Depot  
  172  9:34  Command Center  
  181  9:43  Siege Tank  
  182  9:56  Viking x2  
  182  9:57  Viking  
  182  9:58  Siege Tank  
  187  10:00  SCV x2  
  187  10:05  Viking  
  191  10:08  Ghost Academy  
  191  10:11  Marine x4  
  191  10:12  Marine x2  
  191  10:13  SCV x2  
  199  10:17  Terran Vehicle And Ship Armor Level 1  
  199  10:26  Viking  
  199  10:29  Marine  
  199  10:34  Orbital Command  
  200  10:41  Enhanced Shockwaves  
  200  10:42  Missile Turret  
  200  10:45  Missile Turret  
  200  10:47  Missile Turret  
  198  11:00  Viking  
  200  11:12  Barracks  
  200  11:13  Barracks  
  200  11:15  Barracks  
  200  11:25  Unknown  
  196  11:45  Marine x2, Marauder  
  196  11:56  Viking x2  
  198  12:20  Marine x2  
  198  12:21  Marine x4  
  174  12:25  Viking x2  
  174  12:26  Thor x2  
  153  12:38  Marine x3  
  153  12:39  Marine x2  
  153  12:40  Marauder  
  153  12:43  Viking x2  
  156  12:55  Viking  
  156  12:56  Marine x2  
  166  13:00  Orbital Command  
  166  13:01  SCV  
  166  13:02  Barracks Tech Lab x2  
  166  13:03  Barracks Tech Lab  
  169  13:07  SCV  
  169  13:09  Terran Infantry Weapons Level 3, Terran Infantry Armor Level 3, Missile Turret  
  169  13:10  Missile Turret  
  169  13:12  Thor x2  
  182  13:14  SCV x2  
  182  13:17  Missile Turret  
  184  13:25  Unknown x3, Marauder  
  190  13:29  Unknown  
  190  13:32  Marine x2  
  200  13:34  Missile Turret  
  200  13:35  Missile Turret  
  200  13:36  Missile Turret  
  200  13:54  Unknown x2  
  200  13:55  Command Center  
  198  13:58  Unknown  
  198  14:01  Unknown x3  
  200  14:05  Personal Cloaking  
  200  14:09  Ghost Academy  
  200  14:10  Ghost Academy  
  200  14:22  Refinery  
  200  14:24  Unknown  
  197  14:58  Refinery  
  197  15:02  Missile Turret x3  
  197  15:04  Missile Turret  
  199  15:23  Missile Turret  
  198  15:34  Unknown  
  198  15:35  Missile Turret  
  168  15:36  Missile Turret  
  168  15:38  Missile Turret x2  
  168  15:40  Viking x2  
  168  15:41  Viking x2  
  126  15:50  Marine x2  
  126  15:51  Thor x2  
  136  16:01  Missile Turret  
  136  16:02  Missile Turret  
  128  16:10  Viking x3  
  128  16:11  Viking  
  133  16:12  Missile Turret  
  133  16:13  Missile Turret  
  133  16:18  Unknown x7  
  133  16:27  Marine x3  
  140  16:34  Thor x2  
  140  16:36  Orbital Command  
  152  16:40  Missile Turret  
  152  16:46  Unknown x2  
  152  16:47  Unknown x2  
  144  16:55  Unknown  
  144  16:56  Unknown  
  144  16:59  Missile Turret  
  144  17:00  Missile Turret  
  144  17:01  Missile Turret  
  144  17:06  Marine x2  
  137  17:17  Thor x2, Command Center  
  125  17:26  Viking  
  125  17:27  Viking x3, Marine  
  125  17:28  Marine x4  
  128  17:34  SCV  
  128  17:35  SCV, Unknown x3  
  128  17:36  Unknown  
  130  17:47  Missile Turret x2  
  130  17:48  Marine x4, Missile Turret  
  128  17:56  Viking  
  129  18:01  Viking x2  
  117  18:18  Marine x2  
  117  18:19  Marine, Marauder x3  
  97  18:27  Marine  
Show
View Real Time Build Order
Export as new Build Order

lllllllll Protoss - Winner!

Build Orders: 1 Gate Expand, Oracle Opening, Phoenix Opening, Carriers, Colossus Rush 

Get SALT Encoding   

  12  0:00  Probe  
  13  0:12  Probe  
  14  0:17  Pylon  
  14  0:24  Probe  
  15  0:36  Probe  
  15  0:40  Gateway  
  16  0:48  Assimilator  
  16  0:49  Probe (Chrono Boost)  
  17  1:00  Probe (Chrono Boost)  
  18  1:04  Probe (Chrono Boost)  
  19  1:19  Nexus  
  19  1:21  Probe  
  20  1:31  Cybernetics Core  
  20  1:35  Probe  
  21  1:40  Pylon  
  21  1:47  Probe  
  21  1:51  Assimilator  
  22  1:59  Probe  
  23  2:06  Adept (Chrono Boost)  
  25  2:12  Probe  
  25  2:24  Probe  
  25  2:28  Adept, Stargate  
  28  2:31  Probe  
  28  2:37  Probe  
  30  2:43  Probe  
  31  2:49  Probe  
  32  2:55  Probe  
  32  2:56  Warp Gate  
  33  3:01  Probe  
  34  3:10  Probe  
  35  3:13  Probe, Oracle (Chrono Boost)  
  35  3:17  Gateway  
  39  3:20  Robotics Facility  
  39  3:22  Probe  
  39  3:25  Assimilator  
  39  3:26  Probe  
  41  3:28  Assimilator  
  41  3:30  Pylon  
  41  3:34  Probe  
  42  3:39  Probe  
  43  3:43  Phoenix  
  43  3:45  Shield Battery  
  43  3:47  Probe  
  46  3:54  Probe  
  47  4:00  Probe  
  48  4:04  Pylon  
  48  4:06  Probe  
  49  4:12  Phoenix  
  51  4:18  Probe x2  
  51  4:22  Immortal  
  57  4:30  Probe  
  58  4:33  Probe  
  58  4:37  Phoenix  
  58  4:38  Pylon  
  61  4:41  Robotics Bay  
  61  4:42  Probe  
  62  4:47  Forge  
  62  4:56  Probe x2  
  62  4:59  Pylon  
  64  5:02  Phoenix  
  66  5:08  Probe  
  66  5:10  Probe  
  66  5:12  Observer  
  69  5:20  Protoss Ground Weapons Level 1, Probe  
  70  5:21  Pylon  
  70  5:27  Pylon  
  70  5:28  Phoenix  
  72  5:30  Colossus (Chrono Boost)  
  78  5:41  Probe x2, Extended Thermal Lance  
  80  5:53  Probe  
  80  5:55  Probe  
  82  5:59  Nexus  
  82  6:05  Probe  
  82  6:07  Probe  
  82  6:10  Phoenix, Photon Cannon  
  86  6:12  Photon Cannon  
  86  6:13  Photon Cannon  
  86  6:14  Pylon  
  86  6:17  Probe  
  87  6:21  Colossus (Chrono Boost)  
  93  6:32  Probe x2  
  95  6:36  Phoenix  
  97  6:42  Photon Cannon  
  97  6:43  Photon Cannon  
  97  6:44  Probe  
  98  6:50  Pylon  
  98  6:55  Sentry  
  98  6:56  Sentry  
  98  6:58  Pylon  
  102  7:05  Pylon  
  102  7:07  Colossus (Chrono Boost)  
  102  7:08  Probe x2  
  102  7:09  Assimilator  
  102  7:12  Assimilator  
  110  7:15  Fleet Beacon  
  110  7:21  Probe x2  
  110  7:22  Probe  
  113  7:30  Stargate  
  113  7:33  Probe x2  
  115  7:37  Shield Battery x2  
  115  7:38  Photon Cannon  
  115  7:39  Photon Cannon  
  115  7:44  Phoenix  
  115  7:50  Disruptor (Chrono Boost)  
  117  7:55  Probe x2  
  119  7:59  Pylon  
  119  8:11  Probe x2  
  121  8:14  Carrier x2 (Chrono Boost)  
  133  8:37  Probe x2  
  135  8:45  Disruptor  
  138  8:49  Pylon  
  138  8:55  Probe  
  138  8:59  Pylon  
  138  9:01  Protoss Shields Level 1  
  138  9:02  Shield Battery  
  139  9:03  Gravitic Boosters  
  139  9:04  Shield Battery  
  139  9:05  Probe  
  139  9:06  Shield Battery x2  
  140  9:12  Pylon x2  
  140  9:13  Carrier x2 (Chrono Boost)  
  140  9:21  Probe x3  
  140  9:22  Protoss Air Weapons Level 1  
  155  9:26  Stargate  
  155  9:30  Photon Cannon  
  155  9:32  Photon Cannon  
  155  9:33  Probe  
  155  9:35  Disruptor, Pylon, Photon Cannon  
  159  9:42  Pylon  
  159  9:49  Photon Cannon  
  156  9:55  Anion Pulse-Crystals  
  156  10:03  Nexus  
  156  10:06  Carrier (Chrono Boost), Photon Cannon  
  156  10:07  Photon Cannon  
  162  10:08  Photon Cannon  
  162  10:12  Carrier (Chrono Boost)  
  162  10:15  Unknown  
  162  10:20  Probe x3  
  169  10:32  Probe  
  170  10:42  Photon Cannon  
  170  10:44  Carrier (Chrono Boost), Photon Cannon  
  170  10:45  Pylon  
  170  10:46  Shield Battery  
  176  11:00  Carrier (Chrono Boost)  
  181  11:18  Nexus  
  181  11:19  Nexus  
  181  11:25  Carrier (Chrono Boost)  
  181  11:39  Protoss Air Weapons Level 2 (Chrono Boost)  
  177  11:56  Carrier x2 (Chrono Boost)  
  189  12:06  Pylon  
  188  12:13  Phoenix (Chrono Boost)  
  165  12:37  Phoenix  
  158  12:53  Phoenix  
  158  12:57  Phoenix, Probe  
  158  12:58  Disruptor (Chrono Boost)  
  163  13:01  Phoenix  
  168  13:07  Assimilator  
  168  13:08  Assimilator  
  168  13:10  Mothership (Chrono Boost)  
  168  13:17  Robotics Facility  
  176  13:24  Nexus  
  176  13:26  Phoenix x2  
  186  13:34  Disruptor (Chrono Boost)  
  182  13:55  Protoss Air Weapons Level 3 (Chrono Boost)  
  181  14:01  Disruptor (Chrono Boost)  
  181  14:02  Tempest x3  
  199  14:17  Observer (Chrono Boost)  
  199  14:49  Nexus  
  199  14:53  Photon Cannon  
  199  14:55  Photon Cannon  
  199  14:56  Nexus  
  199  14:58  Photon Cannon  
  199  15:00  Photon Cannon  
  171  15:45  Disruptor x2  
  142  15:58  Tempest  
  142  15:59  Tempest x2  
  157  16:20  Disruptor x2 (Chrono Boost)  
  163  16:38  Unknown  
  163  16:44  Observer  
  155  16:53  Disruptor x2 (Chrono Boost)  
  155  16:57  Carrier x2  
  165  17:27  Observer  
  165  17:29  Carrier  
  172  17:38  Probe x3  
  172  17:41  Photon Cannon  
  173  17:49  Observer  
  173  17:50  Disruptor  
  189  18:10  Disruptor  
Tags
 
Add a new tag
Caveats
  • Supply blocks, unpowered buildings, or Contaminate may cause inaccurate times.
  • Supply counts are checked every 10 seconds.